 Dungeon Crawl Stone Soup version 0.23-a0-241-g3b46b076a4 (webtiles) character file.

47 RKaid the Ducker (level 3, -1/17 HPs)
             Began as a Felid Chaos Knight on Sept 28, 2018.
             Slain by a worm (8 damage)
             ... on level 2 of the Dungeon.
             The game lasted 00:05:07 (2992 turns).

RKaid the Ducker (Felid Chaos Knight)               Turns: 2992, Time: 00:05:07

Health: -1/17      AC:  1    Str:  8    XL:     3   Next: 48%
Magic:  4/4        EV: 19    Int: 14    God:    Xom [.*....]
Gold:   62         SH:  0    Dex: 15    Spells: 2/2 levels left
                                        Lives:  0   Deaths: 0

rFire    . . .     SeeInvis +     - Unarmed
rCold    . . .     Gourm    .   (shield unavailable)
rNeg     . . .     Faith    .   (armour unavailable)
rPois    .         Spirit   .   (helmet unavailable)
rElec    .         Reflect  .   (cloak unavailable)
rCorr    .         Harm     .   (gloves unavailable)
MR       .....                  (boots unavailable)
Stlth    ++........             (no amulet)
HPRegen  0.05/turn              (no ring)
MPRegen  0.09/turn              (no ring)

@: quick
A: very small, no armour, no weapons or thrown items, stealth, claws 1, fangs 3,
see invisible, carnivore, speed 1, shaggy fur 1, slow metabolism 1, sharp paws
a: Renounce Religion


You were on level 2 of the Dungeon.
You worshipped Xom.
You were a plaything of Xom.
You were completely stuffed.

You visited 1 branch of the dungeon, and saw 2 of its levels.

You collected 62 gold pieces.

Inventory:

Missiles
 d - a throwing net {=f}
Wands
 i - a wand of polymorph (14)
   (You found it on level 2 of the Dungeon)
Scrolls
 b - a scroll of random uselessness {unknown}
 c - a scroll of identify {unknown}
 e - a scroll of amnesia {unknown}
 k - a scroll of magic mapping {unknown}
 l - a scroll of fog {unknown}
Potions
 g - a potion of curing {unknown}
 h - a potion of heal wounds
 j - a potion of cancellation {unknown}
Comestibles
 a - a ration
 f - 3 chunks of flesh


   Skills:
 + Level 3.4 Fighting
 + Level 3.9 Dodging
 * Level 3.8 Unarmed Combat


You had 2 spell levels left.
You didn't know any spells.
Your spell library was empty.

Dungeon Overview and Level Annotations

Branches:
Dungeon (2/15)

Altars:
Okawaru
Xom


Innate Abilities, Weirdness & Mutations

You cannot wear armour.
You are incapable of wielding weapons or throwing items.
Your paws allow you to move quietly. (Stealth)
You have sharp claws.
You have razor-sharp teeth.
You have supernaturally acute eyesight. (SInv)
You are carnivorous and can eat meat at any time.
You cover ground quickly.
You are covered in fur. (AC +1)
You have a slow metabolism.
Your sharp claws are effective at attacking unaware monsters.


Message History

You claw the frilled lizard!
You kill the frilled lizard!
There is a stone staircase leading up here.
You pounce on the unaware Jessica!
You claw Jessica!
A goblin comes into view. It is wielding a dagger.
Jessica fails to defend itself.
You claw Jessica!
You kill Jessica!
Jessica returns to her original shape as she dies.
The goblin shouts!
You see here the human corpse of Jessica.
You butcher the human corpse of Jessica.
You see here 4 chunks of flesh.
There is a stone staircase leading up here.
The bat completely misses you. The bat closely misses you.
The adder barely misses you. The bat misses you. The adder misses you.
You climb upwards.
There is a stone staircase leading down here.
You scratch the adder but do no damage. The adder bites you.
You scratch the adder. The adder bites you.
You closely miss the adder. The adder bites you but does no damage.
You scratch the adder. You bite the adder. The adder completely misses you.
You scratch the adder but do no damage. The adder closely misses you. x2
You barely miss the adder. You claw the adder. The adder completely misses you.
You barely miss the adder. The adder completely misses you.
You closely miss the adder. The adder bites you.
You are poisoned.
The adder poisons you!
You closely miss the adder.
You feel sick. The adder bites you.
* * * LOW HITPOINT WARNING * * *
* * * LOW HITPOINT WARNING * * *
You feel sick.
It was a potion of heal wounds.
You feel much better.
Xom is highly amused!
h - a potion of heal wounds;
e - a scroll labeled UWIFRA FAXEASAZ You feel sick.
The adder completely misses you.
You closely miss the adder. The adder misses you. The adder bites you.
You scratch the adder.
You kill the adder!
You see here an adder corpse.
You aren't carrying any items that you can evoke.
You feel sick.
You feel sick.
You see here an adder corpse.
You butcher the adder corpse.
f - 2 chunks of flesh You start resting.
You feel sick. x2
You are no longer poisoned.
You start resting.
There is a stone staircase leading down here.
You climb downwards.
The goblin closely misses you.
There is a stone staircase leading up here.
You miss the goblin. Your claw misses the goblin.
The goblin closely misses you.
You closely miss the goblin. The goblin completely misses you.
You barely miss the goblin. The goblin barely misses you.
You claw the goblin!
You kill the goblin!
The bat completely misses you.
You see here a dagger.
You scratch the bat.
You kill the bat!
f - 6 chunks of flesh (gained 4)
You see here a bat corpse.
You butcher the bat corpse.
f - 7 chunks of flesh (gained 1)
You see here a bat skeleton.
i - a wand of polymorph (14)
Things that are here:
a robe; a club A hobgoblin comes into view.
You see here 8 gold pieces.
You now have 59 gold pieces (gained 8).
The frilled lizard hisses angrily.
Things that are here:
a robe; a club The frilled lizard barely misses you.
You claw the frilled lizard!
You kill the frilled lizard!
Things that are here:
a robe; a club The hobgoblin shouts!
You see here a golden potion.
j - a golden potion You barely miss the hobgoblin.
The hobgoblin barely misses you.
You barely miss the hobgoblin. The hobgoblin closely misses you.
Some of the chunks of flesh in your inventory have rotted away.
You barely miss the hobgoblin. The hobgoblin closely misses you.
You scratch the hobgoblin. Your bite misses the hobgoblin.
You claw the hobgoblin!
You kill the hobgoblin!
k - a scroll labeled GOORUTOZUP You now have 62 gold pieces (gained 3).
l - a scroll labeled EFURRIO DEASH You barely miss the worm.
You scratch the worm. The worm bites you!
Ouch! That really hurt!
You barely miss the worm. You claw the worm! The worm bites you!
You die...

.....(.......##
..............##
................
.........#.#.#.##
....[..........#
.#........#.#.#.#
................#
##........w$#.#.#.# ##
##.........@.......#
.#####...####...........#
.).<)...................#
##...รท.#.#...#..........#
##..#.#................# .
#.....................#
.##.###.................#
........................#
..)......[..............#


You could see a worm.

Vanquished Creatures
  An adder (D:1)
  An ooze (D:1)
  An adder skeleton (D:2)
  A dart slug (D:1)
  2 leopard geckos
  2 giant cockroaches (D:1)
  3 goblins
  5 hobgoblins
  2 bats
  6 frilled lizards
  2 kobolds (D:1)
  3 rats
29 creatures vanquished.

Notes
Turn   | Place    | Note
-------+----------+-------------------------------------------
     0 | D:1      | RKaid the Felid Chaos Knight began the quest for the Orb.
     0 | D:1      | Reached XP level 1. HP: 10/10 MP: 2/2
    91 | D:1      | Found an iron altar of Okawaru.
   240 | D:1      | HP: 1/10 [leopard gecko (3)]
   240 | D:1      | XOM: butterfly on damage
   286 | D:1      | XOM: noise
   288 | D:1      | XOM: divination: detect creatures
   439 | D:1      | XOM: confuse monster(s)
   531 | D:1      | Reached XP level 2. HP: 7/14 MP: 3/3
   760 | D:1      | XOM: destruction
  1079 | D:1      | XOM: noise
  1453 | D:1      | XOM is BORED!
  1793 | D:2      | HP: 3/14 [worm (11)]
  1835 | D:1      | XOM: noise
  2261 | D:1      | XOM: scenery: 1 doors open
  2503 | D:1      | XOM: god gift: 18 arrows
  2600 | D:1      | XOM: scenery: create altars
  2705 | D:2      | Noticed Jessica
  2705 | D:2      | Noticed Jessica
  2705 | D:2      | Jessica changed into Jessica the leopard gecko
  2705 | D:2      | XOM: polymorph Jessica -> Jessica the leopard gecko
  2708 | D:2      | Reached XP level 3. HP: 17/17 MP: 4/4
  2708 | D:2      | XOM: enchant monster (good)
  2721 | D:2      | Killed Jessica the leopard gecko
  2741 | D:1      | HP: 3/17 [adder (5)]
  2992 | D:2      | Slain by a worm

Vault maps used:
D:1:      dpeg_arrival_boxes_within_box, minmay_misc_feat_hallway,
          okawaru_ov_weapons_minmay
D:2:      kennysheep_six_static_rooms, serial_glass, glass_columns_b,
          glass_columns_a, uniq_crazy_yiuf_cottage, uniq_jessica

Action                   || total
-------------------------++-------
Melee: Unarmed           ||   113
       Bite              ||     7
       Punch             ||     3
  Use: Potion            ||     1
 Stab: Sleeping          ||     2
       Petrified         ||     2
  Eat: Chunk             ||    11
Armor: Skin              ||     2
Dodge: Dodged            ||    86

Table legend:
 A = Non-vault XP
 B = Vault XP
 C = Vault XP percentage of total XP
 D = Non-vault monster count
 E = Vault monster count
 F = Vault count percentage of total count
                 A         B        C        D         E       F
            +---------+---------+-------+---------+---------+-------
      Total |      65 |       3 |   4.4 |      28 |       1 |   3.4
            +---------+---------+-------+---------+---------+-------
        D:1 |      47 |       0 |   0.0 |      19 |       0 |   0.0
        D:2 |      18 |       3 |  14.3 |       9 |       1 |  10.0
            +---------+---------+-------+---------+---------+-------

Table legend:
 A = Turns spent in this place as a percentage of turns spent in the entire game.
 B = Non-inter-level travel turns spent in this place as a percentage of non-inter-level travel turns spent in the entire game.
 C = Inter-level travel turns spent in this place as a percentage of turns spent in this place.
 D = Turns resting spent in this place as a percentage of non-inter-level travel turns spent in this place.
 E = Turns spent auto-exploring this place as a percentage of non-inter-level travel turns spent in this place.
 F = Non-inter-level travel turns spent in this place divided by the number of levels of this place that you've seen.
                   A       B       C       D       E      F
               +-------+-------+-------+-------+-------+----------------------
         Total | 100.0 | 100.0 |   4.5 |  50.4 |  23.5 | 1429.0
       Dungeon | 100.0 | 100.0 |   4.5 |  50.4 |  23.5 | 1429.0
               +-------+-------+-------+-------+-------+----------------------

Table legend:
 A = Kills in this place as a percentage of kills in entire the game.
 B = Kills by you in this place as a percentage of kills by you in the entire game.
 C = Kills by friends in this place as a percentage of kills by friends in the entire game.
 D = Other kills in this place as a percentage of other kills in the entire game.
 E = Experience gained in this place as a percentage of experience gained in the entire game.
 F = Experience gained in this place divided by the number of levels of this place that you have seen.
                   A       B       C       D       E      F
               +-------+-------+-------+-------+-------+----------------------
         Total | 100.0 | 100.0 |   N/A |   N/A | 100.0 |  34.0
       Dungeon | 100.0 | 100.0 |   N/A |   N/A | 100.0 |  34.0
               +-------+-------+-------+-------+-------+----------------------
